 Dungeon Crawl Stone Soup version 0.31-a0-1308-ga3cce3a448 (webtiles) character file.

Game seed: 7328808594353654310

438 Dirtsage the Changeling (level 7, -2/44 HPs)
             Began as an Octopode Shapeshifter on Dec 19, 2023.
             Was an Initiate of the Shining One.
             Slain by Grinder (4 damage)
             ... on level 5 of the Dungeon.
             The game lasted 00:07:23 (3110 turns).

Dirtsage the Changeling (Octopode Shapeshifter)     Turns: 3110, Time: 00:07:23

Health: -2/44      AC:  1    Str: 13    XL:     7   Next: 1%
Magic:  7/7        EV: 13    Int: 12    God:    the Shining One [......]
Gold:   185        SH:  0    Dex: 14    Spells: 6/6 levels left

rFire   . .          .
                       - Unarmed
rCold   . . .        (no shield)
rNeg    . . .        (helmet currently unavailable)
rPois   .            (no amulet)
rElec   .            (no ring)
rCorr   .            (no ring)
SInv    .            (no ring)
Will    .....        (no ring)
Stlth   +            (no ring)
HPRegen 0.27/turn    (no ring)
MPRegen 0.10/turn    (no ring)
                     (no ring)

%: no passive effects
@: beast-form, glowing
A: beast (slay +3), almost no armour, amphibious, 8 rings, camouflage 1,
gelatinous body 1, (nimble swimmer 1), tentacles
a: Begin Untransformation, Renounce Religion


You were on level 5 of the Dungeon.
You worshipped the Shining One.
The Shining One was noncommittal.
You were a hulking beast.
You visited 1 branch of the dungeon, and saw 5 of its levels.

You collected 329 gold pieces.
You spent 144 gold pieces at shops.

Inventory:

Magical Staves
 r - a staff of cold
Jewellery
 d - a ring of flight
Talismans
 b - a beast talisman
 c - a flux talisman
 n - a dragon-blood talisman
Wands
 w - a wand of polymorph (5)
Scrolls
 g - 2 scrolls of fear
 h - 2 scrolls of immolation
 l - a scroll of poison
 p - a scroll of revelation
 t - 3 scrolls of teleportation
 u - a scroll of vulnerability
 B - a scroll of blinking
Potions
 e - a potion of mutation {unknown}
 f - 2 potions of haste {unknown}
 i - a potion of magic {unknown}
 j - a potion of enlightenment {unknown}
 m - a potion of might {unknown}
 o - 2 potions of degeneration {unknown}
 q - a potion of curing
 s - a potion of heal wounds {unknown}
 v - a potion of ambrosia {unknown}


   Skills:
 - Level 1.8 Fighting
 - Level 2.4 Dodging
 - Level 3.4 Unarmed Combat
 + Level 6.6 Shapeshifting


You had 6 spell levels left.
You didn't know any spells.
Your spell library contained the following spells:

 Spells                   Type           Power      Damage    Failure   Level
 Shock                    Conj/Air       0%         1d3       32%         1
 Sublimation of Blood     Necr           0%         N/A       45%         2
 Wereblood                Tmut           0%         N/A       45%         2
 Swiftness                Air            0%         N/A       69%         3
 Airstrike                Air            0%         2d(0-16)  97%         4
 Summon Hydra             Summ           0%         N/A       100%        7


Dungeon Overview and Level Annotations

Branches:
Dungeon (5/15)
 Temple: D:4-7

Altars:
Elyvilon
Fedhas
The Shining One

Shops:
D:3 ?   D:4 [

Annotations:
D:5 Grinder


Innate Abilities, Weirdness & Mutations

You are a hulking beast.
Your limbs bulge with bestial killing power. (Slay +3)
You cannot wear most types of armour.
You are amphibious.
You can wear up to eight rings at the same time.
Your skin changes colour to match your surroundings (Stealth+).
Your rubbery body absorbs attacks. (AC +1, EV +1)
((You are camouflaged when in or above water. (Stealth+)))
You have tentacles for arms and can constrict up to eight enemies at once.


Message History

Throw: 2 darts (curare)
Press: ? - help, Shift-Dir - straight line, f - Grinder
Aim: Grinder (57% to hit)
You throw a curare-tipped dart. The curare-tipped dart hits Grinder.
Grinder blinks!
Throw: dart (curare)
Press: ? - help, Shift-Dir - straight line, f/p - Grinder
Aim: Grinder (57% to hit)
You throw a curare-tipped dart. The curare-tipped dart hits Grinder.
Grinder gestures at you.
You struggle to resist.
Found a stone staircase leading up.
Grinder gestures at you. Pain shoots through your body!
You take 9 damage, and have 35/44 hp.
MASSIVE DAMAGE!!
Grinder blinks!
You see here a curare-tipped dart.
You see here a curare-tipped dart.
Grinder gestures at you.
You suddenly lose the ability to move!
Grinder hits you!
You writhe in agony.
Grinder gestures at you. Pain shoots through your body!
* * * LOW HITPOINT WARNING * * *
You can move again.
You take 26 damage, and have 9/44 hp.
MASSIVE DAMAGE!!
Unknown command.
Okay, then.
You tentacle-slap Grinder but do no damage.
Your grab misses Grinder. You squeeze Grinder.
Grinder is lightly wounded.
Grinder hits you.
* * * LOW HITPOINT WARNING * * *
You tentacle-slap Grinder. You grab Grinder. You squeeze Grinder.
Grinder is heavily wounded.
You constrict Grinder. Grinder hits you!
* * * LOW HITPOINT WARNING * * *
You writhe in agony.
You die...
Grinder says, "Now the real fun starts!"

#......# #.#####
#.###### #.# #.#
##'## #.# ##...##
#.# ## ##.....##
#.##.## ##.......##
#.#...####.........#
#(......<+.........+
#.(h5.####.........#
##.#.## ##.......##
#.### ##.....## ...
##...## .#.## ##'##
#.#.# #.# # #.# #.##
#.. ##..## ##..#.##


You could see Grinder.

Vanquished Creatures
  Eustachio (D:4)
  A black bear (D:5)
  An iguana (D:5)
  Natasha (thrice) (D:4)
  2 adders
  2 ufetubi (D:5)
  A worm (D:3)
  An orc (D:5)
  10 ball pythons
  2 bats
  10 endoplasms
  4 goblins
  4 hobgoblins
  3 jackals (D:1)
  6 quokkas
  4 frilled lizards
  7 kobolds
  6 rats
68 creatures vanquished.

Notes
Turn   | Place    | Note
-------+----------+-------------------------------------------
     0 | D:1      | Dirtsage the Octopode Shapeshifter began the quest for the
                  | Orb.
     0 | D:1      | Reached XP level 1. HP: 13/13 MP: 1/1
    88 | D:1      | Reached XP level 2. HP: 15/18 MP: 2/2
   313 | D:1      | Reached XP level 3. HP: 16/23 MP: 3/3
  1306 | D:3      | Reached XP level 4. HP: 27/29 MP: 4/4
  1329 | D:3      | Found a glowing golden altar of the Shining One.
  1330 | D:3      | Found a white marble altar of Elyvilon.
  1333 | D:3      | Became a worshipper of the Shining One
  1486 | D:3      | Found Zemom Teu's Magic Scroll Shoppe.
  1489 | D:3      | Bought a scroll of fear for 48 gold pieces
  1489 | D:3      | Bought a scroll of identify for 24 gold pieces
  1489 | D:3      | Bought a scroll of identify for 24 gold pieces
  1489 | D:3      | Bought a scroll of identify for 24 gold pieces
  1489 | D:3      | Bought a scroll of identify for 24 gold pieces
  1658 | D:3      | Found a faded altar of an unknown god.
  1881 | D:4      | Found Zuwkul's Armour Shoppe.
  2037 | D:4      | Noticed Natasha
  2043 | D:4      | Killed Natasha
  2044 | D:4      | Reached skill level 4 in Shapeshifting
  2147 | D:4      | Noticed Natasha
  2153 | D:4      | Killed Natasha
  2154 | D:4      | Reached XP level 5. HP: 31/34 MP: 5/5
  2185 | D:4      | Found a blossoming altar of Fedhas.
  2259 | D:4      | Noticed Eustachio
  2348 | D:4      | Killed Eustachio
  2349 | D:4      | Reached skill level 5 in Shapeshifting
  2349 | D:4      | Reached XP level 6. HP: 6/39 MP: 6/6
  2600 | D:4      | Noticed Natasha
  2605 | D:4      | Killed Natasha
  2728 | D:5      | Entered Level 5 of the Dungeon
  2751 | D:5      | Reached skill level 6 in Shapeshifting
  2913 | D:5      | Noticed a black bear
  2925 | D:5      | Killed a black bear
  3023 | D:5      | Reached XP level 7. HP: 32/44 MP: 7/7
  3096 | D:5      | Noticed Grinder
  3106 | D:5      | Paralysed by Grinder for 3 turns
  3110 | D:5      | HP: 2/44 [Grinder (7)]
  3110 | D:5      | Slain by Grinder

Illustrated notes

Levels and vault maps discovered:
D:1:      spicycebolla_green_bress_n_ham, layout_basic
D:2:      layout_loops_corners
D:3:      layout_rooms, mainiacjoe_overflow_divided_tiny, serial_shops,
          nicolae_shop_real_fake_doors, shapermc_ecumenical_altar_notcrosses,
          hangedman_abyss_or_decor_lesser_grid, minmay_diced_spiral
D:4:      layout_gridville, fedhas_ov_isle_minmay, serial_shops, shop_coins,
          serial_glass, glass_columns_c, glass_columns_a, glass_columns_a,
          glass_columns_b, glass_columns_c, uniq_eustachio, uniq_natasha
D:5:      layout_loops_corners, uniq_grinder

Skill      XL: |  1  2  3  4  5  6 |
---------------+-------------------+-----
Shapeshifting  | 4 5 6 |  6.6
Fighting       | |  1.8
Dodging        | |  2.4
Unarmed Combat | |  3.4

Action                     |  1- 3 |  4- 6 |  7- 9 || total
---------------------------+-------+-------+-------++-------
  Melee: Unarmed           |    70 |    67 |     3 ||   140
         Tentacles         |    16 |    11 |     2 ||    29
         Constrict         |    21 |    19 |     1 ||    41
         Punch             |     2 |     2 |       ||     4
  Throw: Dart              |       |     1 |     2 ||     3
    Use: Scroll            |       |     7 |       ||     7
         Potion            |       |     3 |       ||     3
   Stab: Sleeping          |     6 |       |       ||     6
 Armour: Skin              |    23 |    51 |     3 ||    77
  Dodge: Dodged            |    48 |    40 |       ||    88

Table legend: (Time is in decaauts)
 A = Elapsed time spent in this place.
 B = Non-inter-level travel time spent in this place.
 C = Inter-level travel time spent in this place.
 D = Time resting spent in this place.
 E = Time spent auto-exploring this place.
 F = Levels seen in this place.
 G = Mean time per level.
                   A        B        C        D        E       F      G
               +--------+--------+--------+--------+--------+-----+--------+
         Total |   3100 |   3012 |     88 |     14 |   2509 |   5 |  620.0 |
       Dungeon |   3100 |   3012 |     88 |     14 |   2509 |   5 |  620.0 |
               +--------+--------+--------+--------+--------+-----+--------+

Top non-repeatable levels by time:
     D:4: 858 daAuts
     D:2: 800 daAuts
     D:3: 571 daAuts
     D:1: 488 daAuts
     D:5: 380 daAuts
